Map: Station d’habitation EC (Void)

Players

Hihahahalol - Winner!

  • Race: Zerg Zerg
  • League: Diamond
  • Spawn Location: 1:00

CadoEverto

  • Race: Terran Terran
  • League: Master
  • Spawn Location: 11:00

VOD

Have the link to the VOD?

Description

Time

  • Played on: Jan. 5, 2017, 2:33 a.m.
  • Length: 19:06
Show
View Real Time Build Order
Export as new Build Order

Hihahahalol Zerg - Winner!

Build Orders: Hatch First 

Get SALT Encoding   

  12  0:01  Drone  
  13  0:13  Overlord  
  13  0:17  Drone  
  14  0:31  Drone x2  
  14  0:34  Drone  
  17  0:53  Hatchery  
  17  0:56  Drone  
  17  0:59  Drone  
  18  1:09  Extractor  
  17  1:15  Spawning Pool  
  17  1:18  Drone  
  17  1:20  Drone  
  18  1:28  Drone  
  19  1:39  Overlord  
  19  1:49  Drone  
  20  2:00  Drone  
  21  2:01  Queen  
  21  2:04  Queen  
  21  2:05  Zergling x2  
  26  2:10  Metabolic Boost  
  26  2:11  Zergling x2  
  27  2:16  Zergling x2  
  27  2:22  Drone  
  29  2:27  Drone  
  29  2:37  Zergling x2  
  30  2:39  Drone  
  31  2:50  Queen x2  
  34  2:51  Overlord  
  34  2:53  Drone  
  35  3:23  Drone x8  
  35  3:24  Overlord x2  
  43  3:43  Drone  
  43  3:44  Evolution Chamber x2, Drone  
  43  3:51  Overlord  
  43  3:59  Drone x2  
  44  4:06  Extractor  
  44  4:08  Extractor, Lair  
  41  4:10  Extractor  
  41  4:11  Drone  
  41  4:12  Drone x3  
  41  4:13  Drone  
  41  4:14  Drone x2  
  47  4:32  Hatchery  
  47  4:34  Drone x3  
  47  4:35  Drone x3  
  52  4:43  Overlord x3  
  52  4:46  Pneumatized Carapace  
  52  5:08  Drone, Spire  
  52  5:14  Overlord x3  
  52  5:33  Drone  
  52  5:34  Infestation Pit  
  52  5:38  Drone  
  52  5:39  Drone x9  
  52  5:40  Drone x2  
  64  5:46  Queen  
  66  6:06  Extractor  
  66  6:07  Extractor  
  64  6:17  Drone x2  
  64  6:18  Drone x3  
  69  6:19  Drone x3  
  69  6:25  Hive  
  72  6:28  Drone  
  73  6:32  Mutalisk  
  73  6:33  Mutalisk x6  
  87  7:17  Hatchery  
  74  8:13  Corruptor x13  
  74  8:16  Greater Spire  
  98  8:29  Queen  
  98  8:31  Overlord x4  
  98  8:32  Overlord  
  100  8:36  Corruptor  
  100  8:37  Corruptor x5  
  109  8:42  Queen  
  109  8:44  Overlord x3  
  109  8:45  Overlord x4  
  102  8:57  Drone x4  
  106  9:09  Corruptor x7  
  120  9:18  Extractor  
  120  9:24  Extractor  
  102  9:49  Drone x3  
  102  9:50  Drone  
  102  9:51  Drone x2  
  108  9:56  Corruptor x6, Zerg Flyer Armor Level 1  
  108  9:59  Zergling x2  
  121  10:00  Zergling x28  
  121  10:04  Hatchery  
  134  10:32  Neural Parasite  
  119  11:08  Corruptor  
  119  11:09  Corruptor x12  
  145  11:14  Zergling x20  
  145  11:15  Zergling x12  
  147  11:36  Queen  
  149  11:52  Extractor  
  148  11:55  Extractor  
  115  12:54  Corruptor x5  
  115  12:55  Corruptor x19  
  159  13:21  Zergling x2  
  159  13:22  Zergling x34  
  177  13:36  Hatchery  
  177  13:39  Zerg Flyer Armor Level 2  
  162  13:59  Corruptor  
  162  14:00  Corruptor x9  
  164  14:23  Corruptor x3  
  164  14:24  Corruptor x2  
  149  14:44  Zergling x24  
  159  15:49  Corruptor x4  
  159  15:50  Corruptor x10  
  159  15:56  Zerg Flyer Armor Level 3  
  154  16:48  Corruptor x11  
  140  17:30  Hydralisk Den  
  139  17:38  Overseer  
  139  18:28  Hydralisk x9  
  139  18:29  Hydralisk x21  
  139  18:33  Overseer  
Show
View Real Time Build Order
Export as new Build Order

CadoEverto Terran 

Build Orders:  

Get SALT Encoding   

  12  0:01  SCV  
  13  0:13  SCV  
  14  0:17  Supply Depot  
  14  0:25  SCV  
  15  0:30  Refinery  
  15  0:39  SCV  
  16  0:45  Barracks  
  16  0:51  SCV  
  17  1:03  SCV  
  18  1:15  SCV  
  19  1:27  SCV  
  21  1:32  Reaper  
  21  1:39  Orbital Command  
  21  1:45  Command Center  
  21  1:55  Factory  
  21  2:04  Supply Depot  
  21  2:05  SCV  
  22  2:09  Barracks Reactor  
  22  2:17  Refinery  
  23  2:22  SCV  
  23  2:35  SCV  
  24  2:38  Bunker  
  24  2:47  SCV, Marine  
  24  2:49  Factory Tech Lab  
  26  2:56  Starport  
  26  2:57  Orbital Command  
  26  2:59  SCV  
  26  3:02  Marine  
  28  3:11  SCV  
  29  3:17  Supply Depot  
  29  3:20  Siege Tank  
  29  3:21  Marine  
  29  3:23  SCV  
  29  3:25  SCV  
  29  3:27  Marine  
  36  3:35  SCV  
  36  3:37  SCV, Viking  
  40  3:44  Supply Depot  
  39  3:50  SCV  
  39  3:54  Refinery  
  40  3:56  Refinery  
  40  3:57  SCV, Fusion Core  
  41  4:05  SCV  
  41  4:09  Supply Depot  
  42  4:11  Supply Depot  
  42  4:21  SCV x2  
  44  4:33  SCV x2  
  46  4:39  Command Center  
  46  4:45  SCV x2  
  48  4:49  Battlecruiser  
  54  4:57  SCV x2  
  54  4:58  Weapon Refit  
  56  5:01  Factory Tech Lab  
  56  5:09  SCV x2  
  58  5:15  Supply Depot  
  58  5:16  Supply Depot  
  58  5:19  Armory  
  58  5:21  SCV x2  
  58  5:25  Siege Tank  
  63  5:33  SCV  
  63  5:34  SCV  
  65  5:37  Refinery  
  65  5:41  Refinery, Armory  
  65  5:46  SCV  
  66  5:53  Battlecruiser  
  72  6:03  Supply Depot  
  72  6:06  SCV x2  
  74  6:18  SCV  
  73  6:20  Orbital Command  
  73  6:21  SCV  
  73  6:23  Command Center  
  74  6:30  SCV  
  74  6:32  Supply Depot  
  75  6:33  Starport  
  75  6:36  Terran Vehicle And Ship Armor Level 1, Terran Ship Weapons Level 1  
  75  6:37  SCV  
  76  6:40  Supply Depot  
  76  6:41  Factory Tech Lab  
  76  6:42  SCV  
  77  6:49  SCV  
  77  6:50  SCV  
  79  6:54  SCV  
  79  6:57  Supply Depot  
  79  6:58  Battlecruiser  
  86  7:01  SCV  
  86  7:07  SCV x2  
  89  7:09  Starport  
  89  7:10  Supply Depot  
  89  7:13  SCV  
  90  7:17  Battlecruiser  
  90  7:20  Supply Depot  
  96  7:23  SCV x2  
  96  7:29  Engineering Bay  
  95  7:35  SCV x2  
  95  7:44  SCV  
  95  7:48  Supply Depot  
  91  8:01  Battlecruiser  
  91  8:02  Battlecruiser  
  99  8:15  SCV x3  
  99  8:18  Missile Turret  
  102  8:21  Missile Turret  
  102  8:27  SCV x2  
  102  8:29  Battlecruiser  
  102  8:31  Terran Vehicle And Ship Armor Level 2  
  102  8:33  Terran Ship Weapons Level 2  
  110  8:40  Refinery, Orbital Command  
  110  8:45  SCV x3, Refinery  
  113  8:48  Barracks Reactor  
  113  8:54  Starport  
  113  8:59  Missile Turret  
  113  9:03  Missile Turret  
  113  9:04  Missile Turret  
  113  9:06  SCV x3  
  113  9:07  Missile Turret  
  116  9:12  Orbital Command  
  116  9:18  SCV  
  117  9:42  Missile Turret  
  117  9:43  Starport Reactor  
  117  9:50  Starport  
  117  9:51  SCV x3  
  120  9:59  SCV  
  121  10:03  SCV x3  
  124  10:09  Battlecruiser x2  
  124  10:10  Supply Depot  
  124  10:11  SCV, Supply Depot  
  137  10:15  SCV x3  
  137  10:18  Factory Tech Lab  
  140  10:21  Viking x2  
  140  10:23  SCV  
  140  10:26  Missile Turret  
  140  10:27  SCV x2  
  147  10:30  Battlecruiser  
  147  10:33  Supply Depot  
  143  10:43  Widow Mine  
  143  10:45  SCV x2  
  137  10:59  SCV x2  
  137  11:03  SCV  
  137  11:04  SCV  
  141  11:11  Widow Mine  
  141  11:13  Battlecruiser  
  141  11:15  Terran Ship Weapons Level 3  
  131  11:35  Battlecruiser  
  137  11:40  Missile Turret x2, Widow Mine  
  137  11:41  Viking x2  
  137  11:42  Missile Turret  
  137  11:43  Missile Turret  
  137  11:45  Missile Turret  
  143  11:47  SCV x3  
  143  11:48  SCV  
  147  11:59  SCV x3  
  150  12:04  Missile Turret  
  140  12:26  Viking x2  
  140  12:27  Viking, Battlecruiser  
  152  12:38  Fusion Core  
  152  12:39  Terran Vehicle And Ship Armor Level 3  
  150  13:02  Widow Mine  
  146  13:09  Viking x3  
  146  13:24  SCV x4  
  150  13:30  Missile Turret  
  150  13:31  Widow Mine  
  152  13:36  SCV x2  
  152  13:40  Hi-Sec Auto Tracking  
  154  13:43  Battlecruiser x2  
  166  13:50  Missile Turret  
  166  13:55  Refinery  
  161  13:59  Widow Mine  
  155  14:04  Battlecruiser  
  149  14:18  Command Center x2  
  149  14:20  Command Center  
  135  14:28  Viking x4  
  141  14:37  Building Armor  
  128  14:44  SCV x2  
  128  14:45  SCV x2  
  132  14:46  Viking  
  132  14:47  Viking  
  132  14:48  Widow Mine  
  138  15:08  Battlecruiser  
  144  15:17  Battlecruiser x2  
  156  15:23  Missile Turret  
  156  15:37  Missile Turret x2  
  155  15:44  Missile Turret  
  155  15:45  Missile Turret  
  155  15:46  Missile Turret  
  155  15:48  Missile Turret  
  155  15:49  Refinery  
  155  16:06  Planetary Fortress  
  155  16:12  Battlecruiser  
  155  16:17  Missile Turret  
  161  16:20  Viking x3  
  161  16:21  Viking x2, Battlecruiser  
  129  16:50  Viking x3  
  129  16:51  Battlecruiser  
  117  17:03  Viking  
  119  17:11  Command Center  
  119  17:16  Viking  
  121  17:31  Viking, Battlecruiser  
  129  17:50  Command Center  
  129  17:51  Refinery  
  129  17:52  Missile Turret x2  
  129  17:53  Refinery, Thor  
  129  17:54  Missile Turret  
  135  18:13  Viking x2  
  139  18:23  Missile Turret  
  139  18:24  Missile Turret  
  139  18:27  Missile Turret  
  139  18:32  Missile Turret  
  133  18:49  Missile Turret x3  
  121  19:00  Missile Turret  
Tags
 
Add a new tag
Caveats
  • Supply blocks, unpowered buildings, or Contaminate may cause inaccurate times.
  • Supply counts are checked every 10 seconds.